 Dungeon Crawl Stone Soup version 0.28.0-43-g3370ac3207 (webtiles) character file.

Game seed: 6178480495412203860

2137 ZappyNine the Cutter (level 9, -1/66 (74) HPs)
             Began as a Gnoll Cinder Acolyte on Mar 14, 2022.
             Was a High Priest of Ignis.
             Slain by a wight
             ... wielding a +0 morningstar
              (2 damage)
             ... on level 7 of the Dungeon.
             The game lasted 00:07:31 (7701 turns).

ZappyNine the Cutter (Gnoll Cinder Acolyte)         Turns: 7701, Time: 00:07:32

HP:   -1/66 (74)    AC:  7    Str: 18    XL:     9   Next: 30%
MP:   16/16         EV: 11    Int: 13    God:    Ignis [*****.]
Gold: 400           SH:  0    Dex: 15    Spells: 18/18 levels left

rFire   + . .      SeeInvis .   j - +8 mace "Qium" {vamp, Fragile rPois Str+3 Dex+4}
rCold   + . .      Faith    .   (no shield)
rNeg    . . .      Spirit   .   u - +0 scale mail
rPois   +          Reflect  .   (no helmet)
rElec   .          Harm     .   (no cloak)
rCorr   .          Rampage  .   (no gloves)
Will    .....                   (no boots)
Stlth   ..........              (no amulet)
HPRegen 0.21/turn               h - ring of protection from cold
MPRegen 0.15/turn               (no ring)

@: confused, ambrosia-drunk, heavily drained
A: fangs 1, strong nose, distributed training
a: Renounce Religion, Fiery Armour, Foxfire Swarm, Rising Flame


You were on level 7 of the Dungeon.
You worshipped Ignis.
Ignis was extremely pleased with you.
You visited 1 branch of the dungeon, and saw 7 of its levels.

You collected 400 gold pieces.

Inventory:

Hand Weapons
 a - a -1 short sword of flaming
 f - a +2 dagger of venom
 j - the +8 mace "Qium" (weapon) {vamp, Fragile rPois Str+3 Dex+4}
   (You found it on level 2 of the Dungeon)

   It occasionally heals its wielder for a portion of the damage dealt when it
   wounds a living foe.
   Str:       It affects your strength (+3).
   Dex:       It affects your dexterity (+4).
   rPois:     It protects you from poison.
   Fragile:   It will be destroyed if unequipped.
Missiles
 t - 4 throwing nets (quivered)
Armour
 b - a +0 robe
 u - a +0 scale mail (worn)
Jewellery
 h - a ring of protection from cold (left hand)
 x - a ring of willpower
Wands
 o - a wand of mindburst (6)
 r - a wand of digging (5)
 A - a wand of polymorph (7)
 D - a wand of flame (31)
Scrolls
 c - 4 scrolls of identify {unknown}
 e - a scroll of amnesia {unknown}
 g - a scroll of silence {unknown}
 k - 4 scrolls of vulnerability {unknown}
 m - a scroll of enchant armour {unknown}
 p - 7 scrolls of teleportation {unknown}
 v - a scroll of immolation {unknown}
 w - a scroll of magic mapping {unknown}
 y - a scroll of blinking {unknown}
 C - a scroll of fear {unknown}
Potions
 i - 5 potions of curing {unknown}
 l - 3 potions of brilliance {unknown}
 n - 2 potions of heal wounds {unknown}
 q - a potion of haste {unknown}
 s - a potion of lignification {unknown}
 z - a potion of flight {unknown}
 B - a potion of degeneration {unknown}


   Skills:
 + Level 7.8 Fighting
 + Level 7.8 Short Blades
 + Level 4.1 Long Blades
 + Level 4.1 Axes
 + Level 4.1 Maces & Flails
 + Level 4.1 Polearms
 + Level 4.1 Staves
 + Level 4.1 Slings
 + Level 4.1 Bows
 + Level 4.1 Crossbows
 + Level 4.1 Throwing
 + Level 4.1 Armour
 + Level 4.1 Dodging
 + Level 4.1 Stealth
 + Level 4.1 Shields
 + Level 4.1 Unarmed Combat
 + Level 5.0 Spellcasting
 + Level 3.3 Conjurations
 + Level 3.3 Hexes
 + Level 3.3 Summonings
 + Level 3.3 Necromancy
 + Level 3.3 Translocations
 + Level 3.3 Transmutations
 + Level 6.5 Fire Magic
 + Level 3.3 Ice Magic
 + Level 3.3 Air Magic
 + Level 3.3 Earth Magic
 + Level 3.3 Poison Magic
 + Level 4.5 Invocations
 + Level 4.1 Evocations


You had 18 spell levels left.
You didn't know any spells.
Your spell library contained the following spells:

 Spells                   Type           Power      Damage    Failure   Level
 Scorch                   Fire           40%        2d7       6%          2
 Freeze                   Ice            48%        1d7       14%         1
 Magic Dart               Conj           48%        1d5       14%         1
 Call Imp                 Summ           12%        N/A       22%         2
 Corpse Rot               Necr/Air       24%        N/A       22%         2
 Poisonous Vapours        Pois/Air       24%        N/A       22%         2
 Ignite Poison            Fire/Tmut/Pois 14%        N/A       26%         3
 Confusing Touch          Hex            12%        N/A       38%         3
 Frozen Ramparts          Ice            24%        1d4       38%         3
 Mephitic Cloud           Conj/Pois/Air  12%        N/A       38%         3
 Hailstorm                Conj/Ice       12%        3d5       80%         4
 Summon Lightning Spire   Summ/Air       12%        N/A       80%         4
 Freezing Cloud           Conj/Ice/Air   6%         6-21      98%         5
 Yara's Violent Unravell  Hex/Tmut       6%         3d5       98%         5
 Enfeeble                 Hex            6%         N/A       100%        7
 Storm Form               Tmut/Air       6%         N/A       100%        7
 Maxwell's Capacitive Co  Air            6%         ∞         100%        8


Dungeon Overview and Level Annotations

Branches:
Dungeon (7/15)
 Temple: D:4-7

Altars:
Ashenzari
Elyvilon
Fedhas
Kikubaaqudgha
Makhleb
Sif Muna
Vehumet
Xom
The Shining One

Annotations:
D:5 2 transporters


Innate Abilities, Weirdness & Mutations

You have very sharp teeth.
Your uncanny sense of smell can sniff out nearby items.
Your experience applies equally to all skills.


Message History

You feel drained.
You completely miss the wight.
The wight is heavily damaged.
The wight barely misses you. The wight hits you but does no damage.
The wight hits you with a +4 long sword!
The wight hits you from afar with a +2 trident!
* * * LOW HITPOINT WARNING * * *
You are too injured to fight recklessly!
You are too injured to fight recklessly!
You are too injured to fight recklessly!
You are too injured to fight recklessly!
You are too injured to fight recklessly!
You are too injured to fight recklessly!
You are too injured to fight recklessly!
You are too injured to fight recklessly!
You are too injured to fight recklessly!
You are too injured to fight recklessly!
You are too injured to fight recklessly!
You are too injured to fight recklessly!
You are too injured to fight recklessly!
You are too injured to fight recklessly!
Unknown command.
You see here a viscous silvery potion.
The wight hits you with a +0 morningstar!
* * * LOW HITPOINT WARNING * * *
You feel drained.
* * * LOW HITPOINT WARNING * * *
Okay, then.
Okay, then.
It was a potion of ambrosia.
You are confused.
You feel invigorated. The wight misses you.
Unknown command.
You bump into the rock wall.
The wight barely misses you. The wight closely misses you.
You bump into the rock wall.
The wight hits you with a +0 morningstar!
* * * LOW HITPOINT WARNING * * *
You feel drained.
You die...

##########
.........#########
########.........#
...... #########.#
#####. #@# #####. #z#
...... #z# #####. #z#
#.. #.#
#..#########.###.# ###
#...[..>.........#
..###....###.....#####
#.#......)##z###.#


You could see 3 wights.

Vanquished Creatures
  Pikel (D:4)
  Sigmund (D:3)
  A steam dragon (D:4)
  Edmund (D:4)
  A water moccasin (D:6)
  A sky beast (D:6)
  An ogre (D:6)
  3 necrophages
  A wyvern zombie (D:6)
  A water moccasin zombie (D:5)
  A wight (D:7)
  A howler monkey (D:5)
  A crimson imp (D:4)
  A centaur zombie (D:6)
  An orc priest (D:6)
  A centaur skeleton (D:7)
  A hound (D:4)
  A bullfrog skeleton (D:5)
  An iguana (D:3)
  Natasha (thrice) (D:3)
  An orc wizard (D:5)
  A scorpion zombie (D:5)
  A hound skeleton (D:4)
  3 gnolls (D:4)
  9 adders
  2 shadow imps (D:6)
  A white imp (D:6)
  3 worms (D:2)
  A dart slug (D:2)
  16 orcs
  3 ball pythons
  4 endoplasms
  4 giant cockroaches
  12 goblins
  6 hobgoblins
  4 jackals (D:2)
  4 quokkas
  7 bats
  6 frilled lizards
  A goblin skeleton (D:4)
  A goblin zombie (D:4)
  3 hobgoblin zombies (D:4)
  15 kobolds
  A kobold skeleton (D:4)
  2 kobold zombies (D:4)
  An orc skeleton (D:4)
  An orc zombie (D:4)
  5 rats
142 creatures vanquished.

Vanquished Creatures (others)
  An orc (D:4)
1 creature vanquished.

Grand Total: 143 creatures vanquished

Notes
Turn   | Place    | Note
-------+----------+-------------------------------------------
     0 | D:1      | ZappyNine the Gnoll Cinder Acolyte began the quest for the
                  | Orb.
     0 | D:1      | Reached XP level 1. HP: 23/23 MP: 4/4
   172 | D:1      | Reached XP level 2. HP: 21/29 MP: 5/5
   491 | D:1      | HP: 1/29 [poisoned by a goblin]
  1555 | D:2      | Reached XP level 3. HP: 33/35 MP: 7/7
  1607 | D:2      | Reached skill level 1 in Invocations
  1826 | D:2      | Reached skill level 1 in Long Blades
  1826 | D:2      | Reached skill level 1 in Axes
  1826 | D:2      | Reached skill level 1 in Maces & Flails
  1826 | D:2      | Reached skill level 1 in Polearms
  1826 | D:2      | Reached skill level 1 in Staves
  1826 | D:2      | Reached skill level 1 in Slings
  1826 | D:2      | Reached skill level 1 in Bows
  1826 | D:2      | Reached skill level 1 in Crossbows
  1826 | D:2      | Reached skill level 1 in Throwing
  1826 | D:2      | Reached skill level 1 in Armour
  1826 | D:2      | Reached skill level 1 in Dodging
  1826 | D:2      | Reached skill level 1 in Stealth
  1826 | D:2      | Reached skill level 1 in Shields
  1826 | D:2      | Reached skill level 1 in Unarmed Combat
  1826 | D:2      | Reached skill level 1 in Evocations
  1955 | D:2      | Reached XP level 4. HP: 38/41 MP: 8/8
  2059 | D:2      | Identified the +8 mace "Qium" {vamp, Fragile rPois Str+3
                  | Dex+4}
  2169 | D:2      | Found a faded altar of an unknown god.
  2468 | D:2      | Reached skill level 1 in Conjurations
  2468 | D:2      | Reached skill level 1 in Hexes
  2468 | D:2      | Reached skill level 1 in Summonings
  2468 | D:2      | Reached skill level 1 in Necromancy
  2468 | D:2      | Reached skill level 1 in Translocations
  2468 | D:2      | Reached skill level 1 in Transmutations
  2468 | D:2      | Reached skill level 1 in Ice Magic
  2468 | D:2      | Reached skill level 1 in Air Magic
  2468 | D:2      | Reached skill level 1 in Earth Magic
  2468 | D:2      | Reached skill level 1 in Poison Magic
  2734 | D:3      | Reached XP level 5. HP: 31/47 MP: 9/9
  2852 | D:3      | Noticed Natasha
  2864 | D:3      | Killed Natasha
  3261 | D:3      | Noticed Sigmund
  3278 | D:3      | Killed Sigmund
  3279 | D:3      | Reached XP level 6. HP: 18/53 MP: 9/11
  3642 | D:3      | Noticed Natasha
  3661 | D:3      | Killed Natasha
  3873 | D:3      | Noticed Natasha
  3879 | D:3      | Killed Natasha
  4414 | D:4      | Noticed Edmund
  4428 | D:4      | Killed Edmund
  4429 | D:4      | Reached XP level 7. HP: 9/60 MP: 12/12
  4696 | D:4      | Noticed Pikel
  4711 | D:4      | Killed Pikel
  4712 | D:4      | Reached XP level 8. HP: 61/67 MP: 12/14
  5243 | D:4      | Found a glowing golden altar of the Shining One.
  5542 | D:4      | Found a white marble altar of Elyvilon.
  5542 | D:4      | Found an ancient bone altar of Kikubaaqudgha.
  5542 | D:4      | Found a shimmering altar of Xom.
  5542 | D:4      | Found a shimmering blue altar of Sif Muna.
  5564 | D:4      | Found a radiant altar of Vehumet.
  5564 | D:4      | Found a burning altar of Makhleb.
  5737 | D:5      | Entered Level 5 of the Dungeon
  5817 | D:5      | Found a broken altar of Ashenzari.
  6111 | D:5      | Found a blossoming altar of Fedhas.
  6170 | D:5      | Found a transporter.
  6271 | D:5      | Found a transporter.
  6409 | D:6      | Reached XP level 9. HP: 48/72 MP: 16/16
  6740 | D:6      | Found the +4 dagger "Morg" {pain, Will+ Int+5}
  7030 | D:6      | Reached skill level 5 in Spellcasting
  7698 | D:7      | HP: 3/69 [wight/+0 morningstar (3)]
  7701 | D:7      | HP: 1/69 [wight/+0 morningstar (14)]
  7701 | D:7      | Slain by a wight

Illustrated notes

Levels and vault maps discovered:
D:1:      saegor_arrival_under_anarchy, layout_loops_corners,
          nicolae_concentric_dashed_squares_wild, minmay_misc_feat_diagonals
D:2:      layout_loops_ring, shapermc_ecumenical_altar_pompeii,
          guppyfry_early_lair_pool
D:3:      layout_basic, uniq_natasha, uniq_sigmund
D:4:      minmay_wonky_spiral, layout_loops_ring, nicolae_tso_besieged_by_evil,
          minmay_overflow_temple_hex, chequers_serial_rivers_micro_e,
          minmay_misc_feat_x, uniq_pikel, uniq_edmund
D:5:      gammafunk_cloud_chamber, layout_basic,
          mainiacjoe_overflow_concentric_impassable, overflow_temple_1_default
D:6:      layout_rooms, serial_co_window_serial, co_window_paths_b,
          co_window_paths_a, co_window_paths_b, co_window_corner_a,
          co_window_paths_b, co_window_unsneaky_path_d,
          co_window_unsneaky_path_a, co_window_corner_cb, co_window_sun,
          hangedman_decor_points, corexii_item_surrounded_by_moat
D:7:      layout_loops_ring, minmay_temple_entry_junction

Skill      XL: |  1  2  3  4  5  6  7  8  9 |
---------------+----------------------------+-----
Invocations    | 1 2 3 4 |  4.5
Long Blades    | 1 2 3 4 |  4.1
Axes           | 1 2 3 4 |  4.1
Maces & Flails | 1 2 3 4 |  4.1
Polearms       | 1 2 3 4 |  4.1
Staves         | 1 2 3 4 |  4.1
Slings         | 1 2 3 4 |  4.1
Bows           | 1 2 3 4 |  4.1
Crossbows      | 1 2 3 4 |  4.1
Throwing       | 1 2 3 4 |  4.1
Armour         | 1 2 3 4 |  4.1
Dodging        | 1 2 3 4 |  4.1
Stealth        | 1 2 3 4 |  4.1
Shields        | 1 2 3 4 |  4.1
Unarmed Combat | 1 2 3 4 |  4.1
Evocations     | 1 2 3 4 |  4.1
Spellcasting   | 3 4 5 |  5.0
Conjurations   | 1 2 3 |  3.3
Hexes          | 1 2 3 |  3.3
Summonings     | 1 2 3 |  3.3
Necromancy     | 1 2 3 |  3.3
Translocations | 1 2 3 |  3.3
Transmutations | 1 2 3 |  3.3
Ice Magic      | 1 2 3 |  3.3
Air Magic      | 1 2 3 |  3.3
Earth Magic    | 1 2 3 |  3.3
Poison Magic   | 1 2 3 |  3.3
Fighting       | 7 |  7.8
Short Blades   | 7 |  7.8
Fire Magic     | 6 |  6.5

Action                   |  1- 3 |  4- 6 |  7- 9 || total
-------------------------+-------+-------+-------++-------
Melee: Short sword       |    42 |       |       ||    42
       Bite              |     5 |    17 |    29 ||    51
       Dagger            |    62 |     8 |       ||    70
       Punch             |     1 |     1 |    10 ||    12
       Mace              |       |   109 |   199 ||   308
  Use: Potion            |       |     3 |     1 ||     4
 Stab: Sleeping          |       |     8 |     3 ||    11
       Invisible         |       |     1 |       ||     1
Armor: Robe              |    21 |    15 |     7 ||    43
       Scale mail        |       |       |    47 ||    47
Dodge: Dodged            |    46 |    82 |   130 ||   258
